[Event "3rd Rio Open 2024"]
[Site "Rio de Janeiro"]
[Date "2024.04.26"]
[Round "6.1"]
[White "Fier, Alexandr"]
[Black "Lima, Stefan Moisei VIeira"]
[Result "1-0"]
[ECO "A28"]
[WhiteElo "2566"]
[BlackElo "2176"]
[Annotator "TA"]
[PlyCount "63"]
[EventDate "2024.04.12"]
[EventType "swiss"]
[EventCountry "BRA"]
[SourceTitle "playchess.com"]
[Source "ChessBase"]
[SourceQuality "1"]
[TimeControl "5400+30"]

1. c4 e5 2. Nc3 Nf6 3. Nf3 Nc6 4. d3 Bb4 5. Bd2 O-O 6. e3 d6 7. Be2 Re8 8. O-O Bxc3 9. Bxc3 e4 10. Nd4 {[%emt 0:02:07] White is slightly better.} exd3 11. Qxd3 Ne5 12. Qc2 c5 13. Nb3 b6 14. e4 (14. f3 $14) 14... Qe7 ({Black should play} 14... Ng6 $11) 15. Rae1 Ng6 16. f3 Bd7 17. Rf2 a6 18. Nd2 Nf4 19. Nf1 b5 20. b3 Be6 21. Ne3 h5 (21... Nxe2+ $16 22. Qxe2 (22. Rfxe2 Nh5 $16) 22... b4) 22. Bf1 $18 bxc4 23. Nxc4 Bxc4 24. Bxc4 Nd7 (24... h4 $16 25. Kh1 d5 26. exd5 Qd6) 25. Qc1 Ne6 26. f4 {[%emt 0:01:02] Dodges Ne5} Nd4 27. Qd1 Nb5 28. Bb2 Nf6 29. Rff1 {[%emt 0:01:02] [#] Hoping for e5.} d5 (29... Rad8 $142 30. h3 h4) 30. exd5 ({But not} 30. Bxd5 $6 Nxd5 31. exd5 (31. Qxd5 Rac8 $18) 31... Qa7 $18) 30... Qd6 (30... Qd8 $142 31. Rxe8+ Nxe8 32. Qxh5 Nd4) 31. Be5 {[%emt 0:00:46] This pair of bishops is nice.} Qb6 32. d6 {[%emt 0:00:25] Weighted Error Value: White=0.16 (very precise) /Black=0.43.  Mistake:       	White=1     	Black=5      Inaccurate:     	White=2     	Black=5      OK:         	White=7     	Black=5      Best:        	White=1     	---} 1-0

[Event "3rd Rio Open 2024"]
[Site "Rio de Janeiro"]
[Date "2024.04.26"]
[Round "6.2"]
[White "Ribeiro, Matheus Mendes Domin"]
[Black "Marra, Eduardo da Costa"]
[Result "1/2-1/2"]
[ECO "A36"]
[WhiteElo "2228"]
[BlackElo "2184"]
[Annotator "TA"]
[PlyCount "41"]
[EventDate "2024.04.12"]
[EventType "swiss"]
[EventCountry "BRA"]
[SourceTitle "playchess.com"]
[Source "ChessBase"]
[SourceQuality "1"]
[TimeControl "5400+30"]

1. c4 Nf6 2. Nc3 g6 3. g3 Bg7 4. Bg2 O-O 5. e4 d6 6. d3 c5 7. Nge2 Nc6 8. O-O Rb8 9. h3 Ne8 10. Be3 Nc7 11. d4 b5 {[%emt 0:00:05] The position is equal.} 12. cxb5 Nxd4 13. Nxd4 cxd4 14. Bxd4 Nxb5 15. Bxg7 Kxg7 16. Nxb5 Rxb5 17. Qd4+ e5 18. Qxa7 Rxb2 19. a4 Rb6 20. Rfd1 Ra6 21. Qe3 {[%emt 0:01:28] An uneventful encounter.   Weighted Error Value: White=0.03 (flawless) /Black=0.04 (flawless) .  OK:         	White=5     	Black=6} 1/2-1/2

[Event "3rd Rio Open 2024"]
[Site "Rio de Janeiro"]
[Date "2024.04.26"]
[Round "6.3"]
[White "Hoffman, Alejandro"]
[Black "Okamura, Milton Kasuo"]
[Result "1-0"]
[ECO "D46"]
[WhiteElo "2379"]
[BlackElo "1950"]
[Annotator "TA"]
[PlyCount "35"]
[EventDate "2024.04.12"]
[EventType "swiss"]
[EventCountry "BRA"]
[SourceTitle "playchess.com"]
[Source "ChessBase"]
[SourceQuality "1"]
[TimeControl "5400+30"]

1. Nf3 d5 2. c4 c6 3. e3 Nf6 4. b3 e6 5. Bb2 Be7 6. d4 Nbd7 7. Nc3 O-O 8. Bd3 b6 9. O-O Bb7 10. Qe2 Re8 11. Rad1 Bd6 12. e4 {[%emt 0:02:36] [#] And now e5 would win.} e5 13. cxd5 cxd5 14. dxe5 {[%emt 0:01:19] The position is equal.} Nxe5 15. Nxd5 Nxd5 16. exd5 Nc4 {[%emt 0:07:26] [#]} 17. Bxh7+ $18 Kh8 $2 (17... Kxh7 {was called for.} 18. Qc2+ (18. Qxc4 Kg8 $18) 18... Kg8) 18. Qxc4 {[%emt 0:00:09] Weighted Error Value: White=0.13 (very precise) /Black=1.46.  Loses game:     	---       	Black=1      Mistake:       	---       	Black=1      Inaccurate:     	White=1     	---        OK:         	White=1     	Black=1      Best:        	White=2     	---} 1-0

[Event "3rd Rio Open 2024"]
[Site "Rio de Janeiro"]
[Date "2024.04.26"]
[Round "6.4"]
[White "De Albuquerque, Ian Telek C."]
[Black "Labussiere, Yago"]
[Result "1/2-1/2"]
[ECO "B30"]
[WhiteElo "2134"]
[BlackElo "2184"]
[Annotator "TA"]
[PlyCount "57"]
[EventDate "2024.04.12"]
[EventType "swiss"]
[EventCountry "BRA"]
[SourceTitle "playchess.com"]
[Source "ChessBase"]
[SourceQuality "1"]
[TimeControl "5400+30"]

1. e4 c5 2. Nf3 Nc6 3. Nc3 Nf6 4. Bb5 Qc7 5. d3 g6 6. O-O Bg7 7. h3 O-O 8. Be3 d6 9. a4 e5 10. Nd2 Be6 11. f4 exf4 12. Bxf4 Nd7 13. Nc4 Nde5 14. Ne3 Ne7 15. Bc4 Qd7 16. Bd5 N5c6 17. Qd2 Bxd5 18. Ncxd5 Nxd5 19. Nxd5 Ne7 20. Nxe7+ Qxe7 21. c3 Rae8 22. Rfe1 Qd7 23. Re3 Re6 24. Qe2 Rfe8 25. Qf3 Rf6 {[%emt 0:00:00] [#] ...g5 would now be deadly.} 26. Qg3 Rfe6 27. Qf3 Rf6 {[%emt 0:00:00] Strongly threatening ...g5.} 28. Qg3 Rfe6 29. Qf3 $1 {[%emt 0:02:21] Weighted Error Value: White=0.11 (very precise) /Black=0.12 (very precise) .  Inaccurate:     	White=2     	Black=1      OK:         	White=4     	Black=8      Best:        	---       	Black=1      Strong:       	White=1     	---} 1/2-1/2

[Event "3rd Rio Open 2024"]
[Site "Rio de Janeiro"]
[Date "2024.04.26"]
[Round "6.5"]
[White "Terao, Juliana Sayumi"]
[Black "Casalaspro, Mathias Andre"]
[Result "1/2-1/2"]
[ECO "B10"]
[WhiteElo "2179"]
[BlackElo "2107"]
[Annotator "TA"]
[PlyCount "24"]
[EventDate "2024.04.12"]
[EventType "swiss"]
[EventCountry "BRA"]
[SourceTitle "playchess.com"]
[Source "ChessBase"]
[SourceQuality "1"]
[TimeControl "5400+30"]

1. e4 c6 2. Nf3 d5 3. exd5 cxd5 4. Ne5 Nc6 5. d4 e6 6. c3 Bd6 7. f4 Bd7 ({Black should try} 7... Nge7 $11) 8. Bd3 {[%emt 0:00:00] White is slightly better.} Qh4+ 9. g3 Qh3 10. Bf1 {[%emt 0:00:00] White is more active.} Qf5 11. Bd3 {[%emt 0:00:00] Inhibits Qe4+.} Qh3 12. Bf1 Qf5 {[%emt 0:00:00] Weighted Error Value: White=0.29 (precise) /Black=0.16 (very precise) .  Mistake:       	---       	Black=1      OK:         	White=2     	Black=3      Best:        	White=1     	Black=1} 1/2-1/2

[Event "3rd Rio Open 2024"]
[Site "Rio de Janeiro"]
[Date "2024.04.26"]
[Round "6.6"]
[White "Rangel, Daniel"]
[Black "Librelato, Kathie Goulart"]
[Result "1/2-1/2"]
[ECO "D46"]
[WhiteElo "2160"]
[BlackElo "2165"]
[Annotator "TA"]
[PlyCount "62"]
[EventDate "2024.04.12"]
[EventType "swiss"]
[EventCountry "BRA"]
[SourceTitle "playchess.com"]
[Source "ChessBase"]
[SourceQuality "1"]
[TimeControl "5400+30"]

1. d4 d5 2. c4 e6 3. e3 Nf6 4. Nf3 c6 5. Nc3 Nbd7 6. Qc2 Bd6 7. Bd3 dxc4 8. Bxc4 b5 9. Be2 Bb7 10. O-O O-O 11. Rd1 Qc7 12. e4 e5 13. Bg5 exd4 14. Rxd4 {[%emt 0:00:05] next Bxf6 is good for White.} Ne5 15. Bxf6 gxf6 16. g3 Bc5 {[%emt 1:32:52] [#] White must now prevent ...Nxf3+.} 17. Rd2 Qb6 18. Rf1 Rad8 19. Nxe5 fxe5 20. Bg4 Bd4 21. Qd1 c5 22. Qf3 b4 23. Nd5 {[%emt 0:00:30] [#]} Rxd5 24. exd5 Qd6 25. Bf5 Bxd5 26. Qg4+ Kh8 {[%emt 0:00:30] The position is equal.} 27. Qh4 {[%emt 0:01:00][%csl Gf5][%cal Rh4h7] Chess con chili.} (27. Qh3 $5 h6 $8 28. Rc1 $11) 27... h6 28. Rc1 {[%emt 0:00:30][%cal Oc1c5] Hoping for Rxc5!} Kg7 29. Qg4+ Kh8 30. Qh4 {[%emt 0:00:00][%cal Oc1c5] Rxc5! is the strong threat.} Kg7 31. Qg4+ Kh8 {[%emt 0:00:30] Weighted Error Value: White=0.04 (flawless) /Black=0.05 (flawless) .  Inaccurate:     	White=1     	---        OK:         	White=8     	Black=10     Best:        	---       	Black=1} 1/2-1/2

[Event "3rd Rio Open 2024"]
[Site "Rio de Janeiro"]
[Date "2024.04.27"]
[Round "7.1"]
[White "Ribeiro, Matheus Mendes Domin"]
[Black "Fier, Alexandr"]
[Result "0-1"]
[ECO "B13"]
[WhiteElo "2228"]
[BlackElo "2566"]
[Annotator "TA"]
[PlyCount "105"]
[EventDate "2024.04.12"]
[EventType "swiss"]
[EventCountry "BRA"]
[SourceTitle "playchess.com"]
[Source "ChessBase"]
[SourceQuality "1"]
[TimeControl "5400+30"]

1. c4 c5 2. Nc3 Nf6 3. Nf3 Nc6 4. e3 a6 5. d4 cxd4 6. exd4 d5 7. cxd5 Nxd5 8. Bc4 Be6 {[%emt 0:00:11] [#] Hoping for ...Nxc3.} 9. Qe2 Rc8 10. Nxd5 {[%emt 0:12:17] Black is slightly better.} Bxd5 11. Bxd5 Qxd5 12. O-O e6 13. Be3 Be7 14. Rfc1 O-O 15. Qc4 Rcd8 16. h3 Bf6 17. Qxd5 Rxd5 18. Rc4 Rfd8 19. Rac1 g6 (19... Bxd4 $2 {perishes.} 20. Nxd4 Ne7 (20... Nxd4 $2 21. Rxd4 Rxd4 22. Bxd4 $18) 21. Rc7 $18) 20. b4 Nxd4 {[%emt 0:01:43] Black is more active.} 21. Nxd4 Bxd4 22. Rc7 Bxe3 23. fxe3 Rd1+ 24. Rxd1 Rxd1+ $17 {[%emt 0:00:03][%mdl 4096] Endgame. KR-KR} 25. Kh2 b5 {[%emt 0:01:23] ...Rd3 would now be deadly.} 26. Rc6 Re1 27. Rxa6 Rxe3 28. Ra5 $1 Re2 29. Rxb5 {[%emt 0:01:45] Black continues to play with concentration.} (29. a3 $15) 29... Rxa2 30. Rb8+ Kg7 31. b5 (31. h4 $17) 31... Rb2 32. Kg3 g5 33. b6 h5 34. Kf3 h4 35. b7 $2 (35. Rb7) 35... Rb4 $19 36. Ke3 {[%emt 0:01:19] [#]} Kf6 $1 37. Kd3 Kf5 {[%emt 0:00:04] ...Kf4 is the strong threat.} 38. Kc3 (38. Ke3 $142) 38... Rb1 39. Kc4 Kf4 40. Kc5 Kg3 41. Rg8 Rxb7 42. Rxg5+ Kf2 43. Kd6 Rb4 {[%emt 0:03:18] Strongly threatening ...Rd4+.} 44. Rg7 Rf4 {[%emt 0:00:05] aiming for ...Rd4+.} 45. Ke5 Ke3 {[%emt 0:00:10] White must now prevent ...Rf5+.} 46. Rh7 Rf5+ 47. Kd6 Kf2 48. Rxh4 Kxg2 49. Rh7 e5 {[%emt 0:01:25] ( -> ...e4)} 50. Kd5 Kf3 {[%emt 0:00:04] Black mates.} 51. Rh4 e4+ 52. Kd4 e3 53. Rg4 {[%emt 0:02:20] Weighted Error Value: White=0.63/Black=0.19 (very precise) .  Mistake:       	White=4     	---        Inaccurate:     	White=3     	Black=2      OK:         	White=8     	Black=11     Best:        	White=3     	Black=5      Strong:       	White=1     	Black=1} 0-1

[Event "3rd Rio Open 2024"]
[Site "Rio de Janeiro"]
[Date "2024.04.27"]
[Round "7.2"]
[White "Piccoli, Lucas Fonseca"]
[Black "Hoffman, Alejandro"]
[Result "1/2-1/2"]
[ECO "C41"]
[WhiteElo "2274"]
[BlackElo "2379"]
[Annotator "TA"]
[PlyCount "20"]
[EventDate "2024.04.12"]
[EventType "swiss"]
[EventCountry "BRA"]
[SourceTitle "playchess.com"]
[Source "ChessBase"]
[SourceQuality "1"]
[TimeControl "5400+30"]

1. e4 d6 2. d4 Nf6 3. Nc3 e5 4. Nf3 exd4 5. Nxd4 Be7 6. g3 O-O {[%emt 0:00:08] White is slightly better.} 7. Bg2 c6 8. O-O Re8 9. h3 a5 10. a4 Na6 {[%emt 0:00:30] White got outplayed after the opening.   Weighted Error Value: White=0.07 (flawless) /Black=0.08 (flawless) .  Inaccurate:     	White=1     	---        OK:         	White=1     	Black=1} 1/2-1/2

[Event "3rd Rio Open 2024"]
[Site "Rio de Janeiro"]
[Date "2024.04.27"]
[Round "7.3"]
[White "Matsuura, Everaldo"]
[Black "Viana, Dirceu"]
[Result "1-0"]
[ECO "A25"]
[WhiteElo "2380"]
[BlackElo "2172"]
[Annotator "TA"]
[PlyCount "75"]
[EventDate "2024.04.12"]
[EventType "swiss"]
[EventCountry "BRA"]
[SourceTitle "playchess.com"]
[Source "ChessBase"]
[SourceQuality "1"]
[TimeControl "5400+30"]

1. c4 e5 2. Nc3 Nc6 3. g3 g6 4. Bg2 Bg7 5. d3 d6 6. Rb1 Nh6 7. b4 O-O 8. b5 Nd4 {[%emt 0:02:48] White has an edge.} 9. e3 Ne6 10. Nge2 f5 11. Nd5 Bd7 12. O-O c6 13. bxc6 bxc6 14. Nb4 Rc8 15. d4 a5 {[%emt 0:11:18] [#]} (15... f4 $11 16. gxf4 exf4 17. exf4 Kh8) 16. Nxc6 $1 $14 Bxc6 17. d5 Bd7 18. dxe6 Bxe6 19. Bd5 Bxd5 20. Qxd5+ Nf7 21. Ba3 $1 $36 {[%emt 0:02:33][%mdl 2048] Repels Rc5. White has the initiative.} Qc7 22. Rfc1 Qc6 23. Rb5 (23. Qxa5 $2 Ra8 24. Qb4 Ng5 $19) 23... a4 (23... Qxd5 {simplifies} 24. cxd5 Rb8 25. Rcb1 Ra8) 24. Ra5 Qxd5 25. Rb5 {[%emt 0:23:08][%mdl 8192] [#]} (25. cxd5 $14 h6 26. Kg2 (26. Rxa4 Ra8 $11)) 25... Qc5 26. Rxc5 {[%emt 0:00:00] [#]} (26. Bxc5 $142 Rxc5 27. Kf1) 26... Rc6 $4 27. Ra5 $2 (27. Rxc6 $18 Rd8 28. Ra6) 27... Rfc8 28. Rxa4 Ng5 29. Nc3 {[%emt 0:00:00][%cal Be2c3,Bc3b5,Bb5c7][%mdl 32] And now Nd5 would win.} Rxc4 30. Rxc4 Rxc4 31. Nb5 (31. Bxd6 $2 Ne4 32. Bxe5 Bxe5 $19 (32... Nxc3 $2 33. Rxc3 Rxc3 34. Bxc3 $19)) 31... Rxc1+ (31... Ra4 $1 $11 {remains equal.}) 32. Bxc1 $11 {[%emt 0:00:00][%cal Oa2a4][%mdl 4096] Endgame. Strongly threatening a4! KBN-KBN} d5 $2 (32... Kf7 $16 {keeps fighting.}) 33. a4 $18 Ne6 34. a5 {[%emt 0:00:00] Hoping for a6.} Nc5 35. Nc7 {[%emt 0:00:00] Dodges Na6} d4 ({Wrong is} 35... Nb3 $2 36. a6 Nxc1 37. a7 $18 (37. Nxd5 Bf8 $18)) 36. exd4 (36. a6 Nxa6 37. Nxa6 dxe3 38. Bxe3 Kf8 $18) 36... exd4 37. a6 Na4 $2 (37... Nxa6 $18 38. Nxa6 Bf8) 38. Nd5 {[%emt 0:00:00] Quite a comeback for White.   Weighted Error Value: White=0.56/Black=0.69.  Loses game:     	White=1     	Black=1      Missed win:     	White=1     	---        Mistake:       	White=1     	Black=4      Inaccurate:     	White=1     	Black=1      OK:         	White=12    	Black=8      Best:        	White=3     	Black=2      Strong:       	White=1     	---} 1-0

[Event "3rd Rio Open 2024"]
[Site "Rio de Janeiro"]
[Date "2024.04.27"]
[Round "7.4"]
[White "De Siqueira, Luigy Lira"]
[Black "Rangel, Daniel"]
[Result "1/2-1/2"]
[ECO "C45"]
[WhiteElo "2274"]
[BlackElo "2160"]
[Annotator "TA"]
[PlyCount "107"]
[EventDate "2024.04.12"]
[EventType "swiss"]
[EventCountry "BRA"]
[SourceTitle "playchess.com"]
[Source "ChessBase"]
[SourceQuality "1"]
[TimeControl "5400+30"]

1. e4 e5 2. Nf3 Nc6 3. d4 exd4 4. Nxd4 Nf6 5. Nxc6 bxc6 6. e5 Qe7 7. Qe2 Nd5 8. c4 Ba6 9. b3 O-O-O 10. Bb2 Qg5 11. h4 Bb4+ 12. Nd2 (12. Kd1 {feels hotter.} Qh6 13. a3 Be7 14. g3) 12... Qg6 ({Black should play} 12... Qf5 $11 13. O-O-O Nc3 14. Bxc3 Bxc3) 13. Qd3 (13. O-O-O $14) 13... Qxd3 $11 14. Bxd3 Nf4 15. Bf1 d5 16. O-O-O dxc4 17. Nxc4 Rxd1+ 18. Kxd1 Bxc4 (18... Rd8+ $11 19. Nd6+ cxd6 20. Bxa6+ Kc7) 19. Bxc4 $14 Rd8+ 20. Kc1 Nd3+ 21. Bxd3 Rxd3 {[%emt 0:00:01][%mdl 4096] Endgame. KRB-KRB} 22. h5 Rd5 23. Rh3 Kd7 24. Rg3 Bd2+ 25. Kc2 Bh6 {[%emt 0:01:05] [#]} (25... g6 $14) 26. Bc3 $1 $16 Ke6 27. Rg4 f6 28. exf6 gxf6 29. Re4+ Kf7 (29... Kd7 $142) 30. Ra4 Rxh5 31. Rxa7 {[%emt 0:00:08] White is more active.} Bf4 {[%emt 0:00:05] [#]} 32. Ra6 (32. Ba5 $1 $16) 32... Rh2 $11 33. Rxc6 Bd6 34. Bd4 Rxg2 35. a4 h5 {[%emt 0:01:18][%cal Bh7h5,Bh5h4,Bh4h3][%mdl 32] The position is equal.} 36. a5 h4 37. Rc3 c5 38. Bxc5 Bxc5 39. Rxc5 {[%emt 0:00:01] aiming for Rh5.} Rxf2+ {[%emt 0:00:22] KR-KR} 40. Kc3 {[%emt 0:04:04] And now Rh5 would win.} h3 41. Rh5 h2 42. b4 Ke6 43. a6 Kd6 44. b5 Rf5 45. Rxh2 {[%emt 0:02:39] White threatens a7 and mate.} (45. Rxf5 $2 {too greedy.} h1=Q (45... h1=R $2 46. b6 $18) 46. Rxf6+ Kc5 47. Rf5+ Kb6 $19) 45... Rxb5 46. Ra2 {[%emt 0:00:14] a7 would kill now.} Rb8 47. Kc4 Kc6 48. Rf2 (48. a7 $5 Ra8 $8 49. Kd3 $11) 48... Kb6 49. Rxf6+ Ka7 50. Kc5 Rb1 51. Rf4 Kxa6 52. Ra4+ Kb7 53. Rb4+ Rxb4 54. Kxb4 {Weighted Error Value: White=0.11 (very precise) /Black=0.09 (flawless) .  Mistake:       	White=2     	Black=4      Inaccurate:     	White=1     	---        OK:         	White=15    	Black=24     Best:        	White=2     	Black=7      Strong:       	White=1     	---} 1/2-1/2

[Event "3rd Rio Open 2024"]
[Site "Rio de Janeiro"]
[Date "2024.04.27"]
[Round "7.5"]
[White "Casalaspro, Mathias Andre"]
[Black "Abrantes, Tiago Garrido"]
[Result "1/2-1/2"]
[ECO "C97"]
[WhiteElo "2107"]
[BlackElo "2201"]
[Annotator "TA"]
[PlyCount "69"]
[EventDate "2024.04.12"]
[EventType "swiss"]
[EventCountry "BRA"]
[SourceTitle "playchess.com"]
[Source "ChessBase"]
[SourceQuality "1"]
[TimeControl "5400+30"]

1. e4 e5 2. Nf3 Nc6 3. Bb5 a6 4. Ba4 Nf6 5. O-O Be7 6. Re1 b5 7. Bb3 d6 8. c3 O-O 9. h3 Na5 10. Bc2 c5 11. d4 Qc7 12. d5 Nc4 13. b3 Nb6 14. Be3 a5 15. Nbd2 {[%emt 0:02:31] White is slightly better.} a4 16. Bd3 axb3 17. axb3 {[%emt 0:00:04] next Rxa8 is good for White.} Rxa1 18. Qxa1 Bd7 19. Qb2 Ra8 20. Ra1 Qb7 21. Ne1 Ra6 22. Nc2 Ne8 23. Bf1 f5 {[%emt 0:03:10] [#] Threatens to win with ...Rxa1.} 24. f3 Bh4 25. c4 ({White should play} 25. Rxa6 $11 Qxa6 26. Be2) 25... f4 26. Bf2 Bxf2+ 27. Kxf2 Rxa1 28. Qxa1 bxc4 ({Black should try} 28... b4 $1 $15) 29. Nxc4 $11 {[%emt 0:04:37] The position is equal.} Nxc4 30. Bxc4 Bb5 31. Qc3 Qa6 32. Bxb5 Qxb5 33. b4 cxb4 34. Nxb4 h6 35. Nd3 {[%emt 0:02:47] Weighted Error Value: White=0.12 (very precise) /Black=0.10 (very precise) .  Mistake:       	White=1     	Black=1      Inaccurate:     	White=3     	---        OK:         	White=3     	Black=7} 1/2-1/2

[Event "3rd Rio Open 2024"]
[Site "Rio de Janeiro"]
[Date "2024.04.27"]
[Round "7.6"]
[White "Marra, Eduardo da Costa"]
[Black "Guimaraes, Wagner Peixoto"]
[Result "1-0"]
[ECO "B72"]
[WhiteElo "2184"]
[BlackElo "2140"]
[Annotator "TA"]
[PlyCount "65"]
[EventDate "2024.04.12"]
[EventType "swiss"]
[EventCountry "BRA"]
[SourceTitle "playchess.com"]
[Source "ChessBase"]
[SourceQuality "1"]
[TimeControl "5400+30"]

1. e4 c5 2. Nf3 d6 3. d4 cxd4 4. Nxd4 Nf6 5. Nc3 a6 6. h3 g6 7. Be3 Bg7 8. Qd2 Nc6 9. O-O-O Bd7 10. g4 h6 (10... Rc8 $14) 11. f4 {[%emt 1:19:21] White is better.} b5 12. Qg2 {[%emt 0:00:30][%cal Oe4e5] And now e5! would win.} Qc8 13. Kb1 {[%emt 0:00:30] White is more active.} b4 14. Nd5 Nxd5 15. exd5 Na5 {[%emt 0:00:30] [#]} (15... Nxd4 $16 {was called for.} 16. Bxd4 Bxd4 17. Rxd4 a5) 16. Qe4 (16. f5 $1 $18 ) 16... O-O (16... Nc4 $16) 17. f5 $18 (17. Qxe7 Re8 18. Qxd6 Rxe3 19. Qxb4 Rb8 $19) 17... Nc4 18. Bc1 ({White should play} 18. fxg6 $18 {[%cal Oe3h6] Bxh6! is the strong threat.} f5 19. Qxe7 Nxe3 20. Qxe3) 18... Rb8 $2 {[%emt 0:00:30] Black cannot hold the game after this.} (18... Ne5 $16 {might work better.}) 19. Bxc4 (19. fxg6 $6 Na3+ 20. Ka1 (20. bxa3 $2 bxa3+ 21. Nb3 Qc3 $19) 20... Qc5 $18 (20... Bxd4 $2 21. Bd3 $18)) 19... Qxc4 20. b3 (20. Qxe7 Bb5 $16) 20... Qc5 21. Bb2 (21. fxg6 fxg6 22. Bb2 (22. Qxg6 Qxd5 23. Bxh6 Qf7 $16) (22. Qxe7 Bxd4 23. Rxd4 Qxd4 $14) 22... Rbc8) (21. Qxe7 Bxd4 22. Qxd7 Rbc8 23. Rxd4 (23. Bxh6 $2 Qxc2#) 23... Qxd4 24. fxg6 Qxd5 $16) 21... Rbc8 22. Rh2 ({Weaker is} 22. Qxe7 Bb5 (22... Bxd4 $2 23. Bxd4 Qxc2+ 24. Ka1 $18) 23. Qe3 Rfe8 $16) 22... Rfe8 $2 (22... Be5) 23. fxg6 e5 24. gxf7+ Kxf7 {[%emt 0:00:30] [#]} 25. Qh7 $1 Rg8 (25... Qxd5 26. Rf2+) 26. Nf5 Bxf5 27. Qxf5+ Bf6 {[%emt 0:00:30] Black is weak on the light squares} 28. Rf1 {[%emt 0:00:30] Intending Qe6+ and mate.} Rg6 29. Rhf2 (29. h4 $142) 29... Kg7 30. Qd7+ {[%emt 0:00:30] White mates.} Kg8 31. Qe6+ (31. Rxf6 $2 {too greedy.} Qxc2+ 32. Ka1 Rxf6 $19) 31... Kh7 32. Rxf6 Kg7 {[%emt 0:00:30] [#]} 33. R6f2 $2 {[%emt 0:00:30] Weighted Error Value: White=0.23 (precise) /Black=0.67.  Loses game:     	---       	Black=1      Mistake:       	White=2     	Black=4      Inaccurate:     	White=2     	Black=2      OK:         	White=6     	Black=2      Best:        	White=1     	Black=1} 1-0

[Event "3rd Rio Open 2024"]
[Site "Rio de Janeiro"]
[Date "2024.04.28"]
[Round "8.1"]
[White "Fier, Alexandr"]
[Black "Hoffman, Alejandro"]
[Result "1/2-1/2"]
[ECO "C24"]
[WhiteElo "2566"]
[BlackElo "2379"]
[Annotator "TA"]
[PlyCount "110"]
[EventDate "2024.04.12"]
[EventType "swiss"]
[EventCountry "BRA"]
[SourceTitle "playchess.com"]
[Source "ChessBase"]
[SourceQuality "1"]
[TimeControl "5400+30"]

1. e4 e5 2. Bc4 Nf6 3. d3 c6 4. Nf3 Be7 5. O-O d6 6. Re1 O-O 7. Bb3 a5 {[%emt 0:04:57] C24: Bishop's Opening: 2...Nf6.} 8. c3 b5 9. a4 Nbd7 10. d4 Qc7 11. Nbd2 Nb6 12. axb5 cxb5 13. Nf1 a4 14. Bc2 Re8 15. Ng3 h6 $146 ({Predecessor:} 15... Nc4 16. b3 Nb6 17. bxa4 Nxa4 18. Bxa4 Bd7 19. Nf5 Rxa4 20. Rxa4 bxa4 21. Nxe7+ Rxe7 {0-1 Henderson de la Fuente,A (1998)-Perez Garcia,A (2328) ESP-ch U16 Granada 2016 (6)}) 16. Nh4 Bg4 17. Qd3 Qc4 18. Nhf5 Bf8 19. Qe3 exd4 20. Nxd4 Qc5 21. Ndf5 Qxe3 22. Bxe3 Nc4 23. Bd4 (23. Bd3 $11) 23... Bxf5 (23... Nxb2 $15 24. h3 Bxf5 25. Nxf5 a3) 24. Nxf5 $11 Nxb2 25. Bxf6 (25. Ne3 $5) 25... gxf6 26. Ne3 Ra7 27. Reb1 Nc4 (27... a3 $2 28. Rxb2 f5 29. Rxb5 $18 (29. exf5 axb2 30. Rxa7 d5 $18)) 28. Nd5 Rb8 29. Bd3 Rab7 30. Bxc4 $1 bxc4 31. Rxb7 $1 (31. Nxf6+ Kg7 32. Nh5+ Kh7 33. Rxb7 Rxb7 $11) 31... Rxb7 32. g4 Ra7 33. Ra3 h5 34. h3 (34. Nxf6+ Kh8 35. Nxh5 d5 $17) 34... hxg4 35. hxg4 ({Don't play} 35. Nxf6+ Kg7 36. Nd5 gxh3 $15) 35... Be7 {[%emt 0:05:49] [#]} ({Black should try} 35... Kh7 $14) 36. f3 $1 $16 Bd8 37. Kf2 Kf8 38. Ke3 Ke8 39. Kd4 Kd7 40. Kxc4 Kc6 41. Ra2 Ra8 42. Ra3 Ra7 $1 43. Nb4+ Kb6 44. Nd3 Be7 45. Ra2 Rc7+ {[%emt 0:02:20] [#]} 46. Kd4 (46. Kd5 $1 $16) 46... f5 $1 $11 47. Rxa4 Bf6+ 48. Ke3 fxg4 49. c4 gxf3 50. Kxf3 Bd4 51. Rb4+ Kc6 52. Rb5 Kd7 53. Rd5 Rxc4 54. e5 Bxe5 55. Rxe5 (55. Nxe5+ Ke6 56. Nxc4 Kxd5 57. Ne3+ Kd4) 55... dxe5 1/2-1/2